 Dungeon Crawl Stone Soup version 0.17-a0-1421-g95311d7 (webtiles) character file.

380204 urechis the Acrobat (level 22, -2/198 HPs)
             Began as a Merfolk Skald on June 23, 2015.
             Was a High Priest of Yredelemnul.
             Killed from afar by a storm dragon (3 damage)
             ... with an exploding inner flame
             ... hexed by the player character
             ... on level 5 of the Vaults on June 24, 2015.
             The game lasted 07:37:30 (55284 turns).

urechis the Acrobat (Merfolk Skald)                Turns: 55284, Time: 07:37:30

Health: -2/198     AC: 26    Str: 22    XL:     22   Next: 49%
Magic:  9/29       EV: 43    Int: 10    God:    Yredelemnul [*****.]
Gold:   2520       SH: 11    Dex: 37    Spells: 8 memorised, 9 levels left

rFire  + + +     SeeInvis +     a - +9 demon trident (freeze)
rCold  . . .     Clarity  .     q - +5 ring mail "Iqento" {rN+ MR+++ rCorr Int-2}
rNeg   + . .     SustAt   +     k - +3 buckler of the Comet {Str+2 Dex+2}
rPois  .         Gourm    .     x - +2 helmet {SInv}
rElec  .         Spirit   .     m - +2 cloak
rCorr  +         Warding  .     X - +2 pair of gloves {Dex+3}
rMut   +         Stasis   .     B - +1 pair of boots
MR     +++++                    C - amulet "Ussawn" {rMut *Confuse rF++ Str+6}
Stlth  +++.......               u - ring "Xoanouma" {MR+ Dex+2 Slay+3}
                                K - ring of Spontaneous Combustion {SustAt rF+ Dex+4 Slay+3}

@: agile, very slightly contaminated, hasted, very quick, almost entirely
resistant to hostile enchantments, fairly stealthy
A: change form in water, swift swim
a: Animate Dead, Recall Undead Slaves, Injury Mirror, Drain Life, Enslave Soul,
Renounce Religion
}: 3/15 runes: decaying, slimy, gossamer


You were on level 5 of the Vaults.
You worshipped Yredelemnul.
Yredelemnul was extremely pleased with you.
You were very hungry.

You visited 11 branches of the dungeon, and saw 53 of its levels.
You visited 2 bazaars.
You also visited: Labyrinth, Ice Cave and Volcano.

You collected 5525 gold pieces.
You spent 3005 gold pieces at shops.

Inventory:

Hand weapons
 a - a +9 demon trident of freezing (weapon)
 b - the +8 glaive of the Guard {elec, +Rage AC+5 SInv}
   (You found it on level 6 of the Pits of Slime)

   Occasionally, upon striking a foe, it will discharge some electrical energy
   and cause terrible harm.
   It affects your AC (+5).
   It lets you see invisible.
   It lets you go berserk.
Missiles
 O - 3 throwing nets (quivered)
Armour
 k - the +3 buckler of the Comet (worn) {Str+2 Dex+2}
   (You bought it in a shop on level 4 of the Vaults)

   It affects your strength (+2).
   It affects your dexterity (+2).
 l - a +5 fire dragon armour
 m - a +2 cloak (worn)
 q - the +5 ring mail "Iqento" (worn) {rN+ MR+++ rCorr Int-2}
   (You found it on level 7 of the Lair of Beasts)

   It affects your intelligence (-2).
   It protects you from negative energy.
   It affects your resistance to hostile enchantments.
   It protects you from acid and corrosion.
 x - a +2 helmet of see invisible (worn)
 B - a +1 pair of boots (worn)
 X - a +2 pair of gloves of dexterity (worn)
Jewellery
 u - the ring "Xoanouma" (right hand) {MR+ Dex+2 Slay+3}
   (You bought it in a shop on level 14 of the Dungeon)

   [ring of protection from magic]

   It affects your dexterity (+2).
   It affects your accuracy and damage with ranged weapons and melee attacks
   (+3).
   It affects your resistance to hostile enchantments.
 C - the amulet "Ussawn" (around neck) {rMut *Confuse rF++ Str+6}
   (You took it off a deep elf demonologist on level 3 of the Elven Halls)

   [amulet of resist mutation]

   It protects you from mutation.
   It affects your strength (+6).
   It greatly protects you from fire.
   It may confuse you when you take damage.
 K - the ring of Spontaneous Combustion (left hand) {SustAt rF+ Dex+4 Slay+3}
   (You found it on level 6 of the Lair of Beasts)

   [ring of sustain attributes]

   It sustains your strength, intelligence and dexterity.
   It affects your dexterity (+4).
   It affects your accuracy and damage with ranged weapons and melee attacks
   (+3).
   It protects you from fire.
 N - the ring "Facicyo" {rC++ rN+ Str+3}
   (You found it on level 6 of the Pits of Slime)

   [ring of strength]

   It affects your strength (+3).
   It greatly protects you from cold.
   It protects you from negative energy.
Magical devices
 L - a wand of digging (9)
 U - a wand of disintegration (9)
Scrolls
 f - 15 scrolls of teleportation
 h - a scroll of silence
 i - a scroll of blinking
 j - 8 scrolls of magic mapping
 n - 32 scrolls of remove curse
 o - 9 scrolls of recharging
 p - 8 scrolls of fog
 s - 2 scrolls of amnesia
 w - 5 scrolls of fear
 y - 9 scrolls of immolation
 A - a scroll of brand weapon
 S - 3 scrolls of identify
Potions
 c - 11 potions of curing
 r - 3 potions of magic
 t - a potion of might
 v - a potion of agility
 z - 3 potions of invisibility
 D - 5 potions of resistance
 E - 7 potions of haste
 G - 4 potions of flight
 H - 4 potions of cancellation
 J - 5 potions of ambrosia
 Q - 3 potions of brilliance
 W - 4 potions of berserk rage
Comestibles
 d - 21 bread rations
 e - 28 fruits
 g - 17 meat rations


   Skills:
 + Level 22.8 Fighting
 - Level 20.0 Polearms
 - Level 14.0 Armour
 - Level 23.0 Dodging
 - Level 4.0 Shields
 - Level 2.0 Spellcasting
 - Level 10.0 Charms
 - Level 10.0 Invocations


You had 9 spell levels left.
You knew the following spells:

 Your Spells              Type           Power        Failure   Level  Hunger
a - Infusion              Chrm           ###...       1%          1    ##.....
b - Song of Slaying       Chrm           ###.....     1%          2    ###....
c - Shroud of Golubria    Chrm/Tloc      ##........   10%         2    ###....
d - Regeneration          Chrm/Necr      ##........   17%         3    ####...
e - Spectral Weapon       Hex/Chrm       ##......     17%         3    ####...
f - Repel Missiles        Chrm/Air       ##....       10%         2    ###....
g - Swiftness             Chrm/Air       ##......     10%         2    ###....
h - Apportation           Tloc           #.........   43%         1    ##.....


Dungeon Overview and Level Annotations

Branches:
Dungeon (15/15)            Temple (1/1) D:6            Lair (8/8) D:10
  Swamp (4/4) Lair:3       Spider (4/4) Lair:6        Slime (6/6) Lair:7
    Orc (4/4) D:10            Elf (3/3) Orc:4        Vaults (5/5) D:14
  Crypt (1/3) Vaults:3     Depths (2/5) D:15

Altars:
Ashenzari
Cheibriados
Dithmenos
Elyvilon
Fedhas
Gozag
Kikubaaqudgha
Makhleb
Nemelex Xobeh
Okawaru
Qazlal
Ru
Sif Muna
Trog
Vehumet
Xom
Yredelemnul
Zin
The Shining One
Beogh
Jiyva

Shops:
D:8 ((**   D:14 *%**   Orc:2 }   Orc:3 %   Orc:4 %:%(!(   Elf:2 :   Vaults:3 (
Vaults:4 *((*[

Portals:
Hell: Depths:1
Pandemonium: Orc:4

Annotations:
Crypt:1 Saint Roka


Message History

You destroy the large abomination!
The fiery explosion engulfs the tentacled monstrosity.
The tentacled monstrosity resists.
The tentacled monstrosity is almost dead.
The fiery explosion engulfs you! You resist.
* * * LOW HITPOINT WARNING * * *
The fiery explosion engulfs the ufetubus.
The ufetubus is burned terribly!
You kill the ufetubus!
The fiery explosion engulfs the deep elf high priest.
The deep elf high priest is burned terribly!
You kill the deep elf high priest!
Yredelemnul accepts your kill.
The fiery explosion engulfs the ufetubus.
The ufetubus is burned terribly!
You kill the ufetubus!
Yredelemnul accepts your kill. The fiery explosion engulfs you! You resist.
You die...
Your body rises from the dead as a mindless zombie.

.# #%...#..%%
.##..%.#...
#.%.....%.
###..§§§§§%####
....§§§§§§.....
....)§§§§§§§...
....)§§§X§§§...
.....1§@§§§§...
###.§§X§§§§####
...X4§§1§§§5...
#.#.#§§§§#)).##
... #.§§.#.4##
#. #.%C.# .%. #
#..%.# ..#
#....# ###


You could see a Hell Sentinel, 2 tentacled monstrosities, a Shadow Fiend, a
stone giant, an orange demon, a large abomination, a rust devil and an ufetubus.

Vanquished Creatures
  the royal jelly (Slime:6)
  Mennas (Crypt:1)
  An ancient lich (Vaults:5)
  Jorgrun (Depths:1)
  A lich (Depths:1)
  Rupert (D:13)
  A tentacled monstrosity (Swamp:4)
  A deep elf master archer (Elf:3)
  11 acid blobs
  A sphinx (Vaults:3)
  2 tengu reavers
  A thorn hunter (Swamp:4)
  2 ancient champions (Crypt:1)
  A shadow dragon (Vaults:5)
  15 azure jellies
  A revenant (Crypt:1)
  A fire giant (Depths:1)
  A deep elf sorcerer (Elf:3)
  Donald (D:14)
  A frost giant (Depths:1)
  A balrug (Depths:1)
  Aizul (Elf:1)
  A curse skull (Vaults:3)
  12 vault wardens
  3 ironheart preservers
  A spriggan defender (Depths:1)
  10 very ugly things
  2 vampire knights
  2 deep elf demonologists
  2 war gargoyles (Depths:2)
  3 stone giants
  Nessos (Lair:8)
  A salamander firebrand (Depths:2)
  4 dire elephants
  3 eidola (Crypt:1)
  3 deep elf death magi
  A crystal guardian (Depths:2)
  2 jiangshi (Depths:1)
  2 deep elf high priests (Vaults:5)
  A minotaur (Lab)
  2 fire dragons (Depths:1)
  6 death oozes
  3 great orbs of eyes
  25 vault guards
  8 yaktaur captains
  2 entropy weavers (Depths:1)
  6 ettins
  2 ice dragons
  2 rakshasas (Vaults:1)
  A spriggan air mage (Depths:1)
  3 hydras
  2 vampire magi
  5 centaur warriors
  6 ogre magi
  4 alligators
  9 dancing weapons
  A tengu warrior (D:14)
  2 death yaks (Lair:7)
  A shock serpent (shapeshifter) (Depths:2)
  2 large abominations (D:12)
  A spriggan berserker (Depths:1)
  2 sun demons (Depths:1)
  Nergalle (Orc:2)
  7 deep elf knights
  6 skeletal warriors
  A shadow wraith (Vaults:3)
  2 spriggan druids (Swamp:3)
  5 giant orange brains
  A ball lightning (Depths:2)
  A swamp dragon (Swamp:2)
  An ice devil (D:12)
  4 deep elf summoners
  A flayed ghost (Vaults:4)
  5 unseen horrors
  A swamp dragon (shapeshifter) (Vaults:5)
  5 hill giants
  3 vault sentinels
  A harpy (shapeshifter) (Depths:2)
  4 orb spiders
  8 orc knights
  2 griffons
  A griffon (shapeshifter) (Elf:3)
  6 ironbrand convokers
  A wizard (Vaults:2)
  A phantasmal warrior (Crypt:1)
  8 wolf spiders
  2 cyclopes
  A hornet (shapeshifter) (Vaults:2)
  5 deep elf conjurers
  A salamander (Depths:1)
  4 shining eyes
  3 hornets
  4 orc sorcerers
  A centaur zombie (D:11)
  22 ugly things
  A black mamba (Lair:8)
  An octopode (shapeshifter) (Vaults:5)
  3 elephants (Lair:8)
  A manticore (D:12)
  A mutant beast zombie (Crypt:1)
  Joseph (D:9)
  A moth of wrath (Spider:3)
  A centaur skeleton (D:13)
  3 molten gargoyles (Depths:2)
  10 komodo dragons
  12 spiny frogs
  3 eyes of devastation
  A demonic crawler (Spider:3)
  3 gargoyles
  A hellwing (D:12)
  A blue devil (IceCv)
  6 trolls
  18 yaktaurs
  2 human zombies (Vaults:5)
  A freezing wraith (Vaults:3)
  A yellow draconian skeleton (Crypt:1)
  7 deep elf priests
  19 two-headed ogres
  3 fire drakes
  2 polar bears
  10 blink frogs
  Grinder (D:6)
  2 giant leeches
  Prince Ribbit (D:7)
  A bog body (Swamp:2)
  6 flying skulls (Crypt:1)
  41 slime creatures
  4 wraiths
  2 shadows
  A vampire (Crypt:1)
  A spriggan (Lair:1)
  A water elemental (Depths:2)
  11 redbacks
  6 trapdoor spiders
  3 air elementals (Depths:2)
  8 deep elf magi
  A human simulacrum (Vaults:2)
  4 fire elementals (Depths:2)
  2 hungry ghosts
  7 tarantellas
  A fire bat (Volcano)
  7 humans
  35 yaks
  15 wolves
  A mottled dragon (Vaults:1)
  9 deep elf fighters
  Grum (D:8)
  20 vampire mosquitoes
  A hog (Volcano)
  11 golden eyes
  3 hippogriffs
  2 swamp worm simulacra (Swamp:4)
  A neqoxec (Orc:4)
  6 soldier ants (Spider:2)
  6 insubstantial wisps
  3 wargs
  14 water moccasins
  7 ice beasts
  12 swamp worms
  4 hydra simulacra (Swamp:4)
  9 porcupines
  2 swamp drakes
  3 sky beasts
  22 orc warriors
  A phantom (D:10)
  An eye of draining (Slime:3)
  10 spiders
  An ogre (shapeshifter) (Depths:2)
  3 necrophages
  4 wasps
  36 ogres
  A manticore skeleton (Crypt:1)
  A komodo dragon zombie (Crypt:1)
  13 centaurs
  4 earth elementals (Depths:2)
  7 crocodiles
  2 big kobolds
  13 giant frogs
  A dryad skeleton (Crypt:1)
  A gnoll sergeant (D:11)
  2 scorpions
  15 killer bees
  An orc simulacrum (Vaults:1)
  7 wights
  4 electric eels
  2 vampire bats (Lair:5)
  A crimson imp (D:12)
  3 hounds
  19 jellies
  31 orc wizards
  29 orc priests
  An iron imp (D:12)
  A two-headed ogre zombie (Crypt:1)
  14 worker ants
  4 giant frog skeletons
  5 iguanas
  A two-headed ogre skeleton (Crypt:1)
  13 sheep
  2 ogre zombies (D:10)
  A hound zombie (D:6)
  A hound skeleton (D:5)
  A worker ant zombie (D:5)
  6 gnolls
  28 river rats
  3 shadow imps
  A swamp drake skeleton (Crypt:1)
  8 adders
  An ufetubus (D:12)
  2 swamp drake simulacra (Swamp:4)
  An adder skeleton (D:5)
  4 giant geckos
  124 orcs
  17 bats
  A bat skeleton (D:4)
  5 giant cockroaches
  27 goblins
  22 hobgoblins
  14 kobolds
  3 quokkas
  A giant gecko skeleton (D:4)
  3 giant newts
  A goblin skeleton (D:10)
  A goblin zombie (D:10)
  A hobgoblin skeleton (D:10)
  A hobgoblin zombie (D:10)
  12 jackals
  2 jackal skeletons
  A jackal zombie (D:4)
  An orc skeleton (D:10)
  13 orc zombies (D:10)
  12 rats
  A crawling corpse (Vaults:1)
  2 fungi (Elf:3)
  9 plants
1312 creatures vanquished.

Vanquished Creatures (collateral kills)
  Boris (Vaults:3)
  Norris (Vaults:3)
  Jory (Vaults:4)
  A lich (Vaults:4)
  3 deep elf blademasters (Elf:3)
  2 deep elf master archers (Elf:3)
  4 acid blobs
  A sphinx (Vaults:3)
  Kirke (Swamp:3)
  A storm dragon (Vaults:5)
  Roxanne (Elf:3)
  The ghost of herpmino the Severer, a mighty DsBe of Trog (Spider:4)
  3 azure jellies
  A frost giant (Vaults:3)
  5 deep elf sorcerers (Elf:3)
  6 ghost moths
  5 vault wardens
  8 emperor scorpions
  A very ugly thing (Vaults:2)
  6 ironheart preservers
  A stone giant (Depths:1)
  11 deep elf annihilators
  6 deep elf demonologists (Elf:3)
  A dire elephant (Lair:8)
  Snorg (D:13)
  5 deep elf death magi (Elf:3)
  An eidolon (Vaults:3)
  6 deep elf high priests (Elf:3)
  9 vault guards
  2 death oozes (Slime:6)
  A fire dragon (Vaults:1)
  Erolcha (Orc:2)
  3 entropy weavers
  2 ice dragons (Swamp:4)
  8 ogre magi
  7 hydras
  9 dancing weapons (Elf:2)
  3 salamander stormcallers
  A queen ant (Spider:2)
  A rakshasa (Vaults:1)
  3 death yaks (Lair:7)
  3 alligators
  An anaconda (Lair:8)
  8 centaur warriors
  2 tengu warriors
  3 orc high priests (Orc:4)
  Urug (D:13)
  Sonja (Orc:2)
  2 soul eaters
  A fire crab (Vaults:1)
  18 deep elf knights
  2 shadow wraiths (Vaults:3)
  A skeletal warrior (D:14)
  An ice devil (Orc:4)
  7 deep elf summoners
  4 ironbrand convokers
  5 hill giants
  2 torturous demonspawn (Orc:4)
  Psyche (D:8)
  2 swamp dragons
  An obsidian statue (D:12)
  A shambling mangrove (Swamp:3)
  8 orc knights
  An unseen horror (D:14)
  A lindwurm (Lair:3)
  A griffon (Vaults:1)
  9 deep elf conjurers
  15 wolf spiders
  A manticore (D:15)
  A shining eye (Slime:5)
  13 ugly things
  3 cyclopes
  11 orb spiders
  A moth of wrath (Spider:2)
  2 hornets
  6 orc sorcerers (Orc:4)
  Maurice (D:8)
  10 vault sentinels
  6 elephants
  2 eyes of devastation
  A rust devil (Orc:4)
  3 gargoyles
  An orange demon (Orc:4)
  4 spiny frogs
  2 centaur skeletons
  18 yaktaurs
  5 demonic crawlers
  2 kobold demonologists
  4 komodo dragons
  A tengu conjurer (D:15)
  A fire drake (Lair:6)
  5 trolls
  A hellwing (Orc:4)
  4 freezing wraiths (Swamp:4)
  11 jumping spiders
  9 two-headed ogres
  A fire vortex (Vaults:3)
  11 deep elf priests
  10 blink frogs
  A blue devil (D:12)
  A stone giant simulacrum (Vaults:2)
  48 slime creatures
  3 bog bodies (Swamp:2)
  A two-headed ogre (shapeshifter) (Vaults:4)
  3 boulder beetles
  3 flying skulls (Crypt:1)
  A shadow (D:14)
  14 trapdoor spiders
  2 spriggans
  A ynoxinul (D:12)
  30 yaks
  11 deep elf magi
  10 humans (D:14)
  5 hogs (Swamp:3)
  A wraith (Vaults:1)
  14 tarantellas
  14 deep elf fighters
  A steam dragon (D:8)
  19 redbacks
  A golden eye (shapeshifter) (Vaults:1)
  2 hungry ghosts
  2 electric eels
  8 wolves
  2 hippogriffs
  A mottled dragon (Vaults:2)
  12 hydra simulacra (Swamp:4)
  2 wargs (Vaults:2)
  26 insubstantial wisps
  6 water moccasins
  19 swamp worms
  7 wasps
  28 vampire mosquitoes
  15 soldier ants
  6 ice beasts (D:12)
  4 swamp drakes
  A phantom (D:8)
  23 orc warriors
  A black bear (D:8)
  7 centaurs
  3 boggarts (Depths:1)
  22 spiders
  27 ogres
  A crocodile (Lair:3)
  8 giant frogs
  A big kobold (D:15)
  5 killer bees
  A vampire bat (Lair:5)
  3 crimson imps
  A quasit (D:12)
  7 wights
  A hound (D:8)
  2 iron imps (D:12)
  4 jellies
  15 orc priests
  A giant frog zombie (D:13)
  3 iguanas
  11 sheep
  14 worker ants
  20 orc wizards
  4 ogre zombies (D:10)
  13 river rats
  An adder (D:10)
  A shadow imp (D:12)
  2 ufetubi (D:12)
  4 swamp drake simulacra (Swamp:4)
  86 orcs
  A ball python (D:8)
  2 bats
  2 hobgoblins (Orc:3)
  7 goblins
  5 kobolds
  An orc skeleton (D:10)
  An orc zombie (D:10)
  8 crawling corpses
  A fungus (Swamp:3)
  8 plants
1041 creatures vanquished.

Vanquished Creatures (others)
  5 profane servitors
  2 bone dragons
  4 ghouls
  An ironheart preserver (Vaults:3)
  A very ugly thing zombie (Depths:2)
  A hydra (Swamp:4)
  7 death cobs
  An ogre mage (Vaults:4)
  A storm dragon zombie (Vaults:5)
  9 skeletal warriors
  10 flayed ghosts
  5 ball lightnings (Depths:2)
  A deep elf knight (Elf:1)
  A spectral orc (Orc:4)
  A spectral elf (Vaults:1)
  6 phantasmal warriors
  A stone giant zombie (Depths:1)
  A frost giant zombie (Depths:1)
  An ugly thing (Depths:2)
  A small abomination (Vaults:1)
  A yaktaur (Depths:1)
  A swamp worm zombie (Lair:3)
  2 redback zombies (Depths:1)
  A fire vortex (Vaults:3)
  11 ugly thing zombies
  A spriggan zombie (Depths:1)
  An ettin zombie (Vaults:5)
  A trapdoor spider (Spider:4)
  A spriggan (Depths:2)
  14 flying skulls
  4 wraiths
  5 vampires
  A hill giant zombie (D:11)
  A vampire mosquito (Swamp:4)
  A spiny frog zombie (Swamp:2)
  An elephant zombie (Lair:3)
  A hog zombie (Volcano)
  A boggart (Depths:1)
  A centaur (Volcano)
  2 yaktaur zombies (Vaults:1)
  9 human zombies
  3 spider zombies (Spider:2)
  An elf zombie (Vaults:5)
  2 yak zombies
  3 troll zombies
  A wight (Lair:3)
  6 wolf zombies
  3 centaur zombies
  3 two-headed ogre zombies
  2 giant frog zombies
  An orc wizard (D:14)
  3 killer bee zombies (D:10)
  10 ogre zombies
  A mummy (Lair:1)
  2 sheep zombies (Lair:5)
  An orc (Vaults:1)
  4 bat zombies
  2 gnoll zombies (D:11)
  A quokka (D:15)
  2 kobold zombies
  3 orc skeletons (Orc:4)
  25 orc zombies
  2 crawling corpses
  3 fungi
  2 lost souls (Crypt:1)
  A plant (Lair:3)
  5 spectral weapons
213 creatures vanquished.

Grand Total: 2566 creatures vanquished

Notes
Turn   | Place    | Note
--------------------------------------------------------------
     0 | D:1      | urechis the Merfolk Skald began the quest for the Orb.
     0 | D:1      | Reached XP level 1. HP: 16/16 MP: 3/3
   169 | D:1      | Reached skill level 4 in Polearms
   169 | D:1      | Reached XP level 2. HP: 17/22 MP: 0/5
  1054 | D:2      | Reached skill level 5 in Polearms
  1054 | D:2      | Reached XP level 3. HP: 27/27 MP: 2/6
  1169 | D:2      | Found a glowing golden altar of the Shining One.
  1895 | D:3      | Reached skill level 6 in Polearms
  1895 | D:3      | Reached XP level 4. HP: 15/33 MP: 7/7
  2133 | D:3      | Found a basalt altar of Yredelemnul.
  2133 | D:3      | Found an ancient bone altar of Kikubaaqudgha.
  2140 | D:3      | Became a worshipper of Yredelemnul the Dark
  2235 | D:3      | Learned a level 2 spell: Song of Slaying
  2592 | D:4      | Reached skill level 7 in Polearms
  2597 | D:4      | Found a runed door.
  2597 | D:4      | Noticed a human
  2598 | D:4      | Found a basalt altar of Yredelemnul.
  2634 | D:4      | Killed a human
  2634 | D:4      | Reached skill level 8 in Polearms
  2634 | D:4      | Reached XP level 5. HP: 20/38 MP: 2/8
  2634 | D:4      | Reached XP level 6. HP: 23/44 MP: 2/9
  2852 | D:4      | Reached skill level 9 in Polearms
  2858 | D:4      | Learned a level 2 spell: Shroud of Golubria
  3287 | D:4      | Noticed an ogre
  3344 | D:4      | Killed an ogre
  3344 | D:4      | Reached skill level 10 in Polearms
  3491 | D:4      | Got a warped ring mail
  3502 | D:4      | Identified the cursed +1 ring mail of Starshine {rN+ rCorr} (You found it on level 4 of the Dungeon)
  3516 | D:4      | Learned a level 3 spell: Regeneration
  3580 | D:4      | Acquired Yredelemnul's first power
  3598 | D:4      | Reached XP level 7. HP: 50/50 MP: 10/10
  4002 | D:5      | Entered Level 5 of the Dungeon
  4059 | D:5      | Reached skill level 11 in Polearms
  4582 | D:5      | Reached skill level 12 in Polearms
  4731 | D:6      | Reached XP level 8. HP: 51/56 MP: 11/11
  4759 | D:6      | Noticed Grinder
  4759 | D:6      | Paralysed by Grinder for 2 turns
  4764 | D:6      | Paralysed by Grinder for 3 turns
  4783 | D:6      | Killed Grinder
  4783 | D:6      | Reached skill level 13 in Polearms
  4859 | D:6      | Found a glowing silver altar of Zin.
  4975 | D:6      | Found a staircase to the Ecumenical Temple.
  5040 | D:6      | Acquired Yredelemnul's second power
  5428 | D:7      | Learned a level 3 spell: Spectral Weapon
  5518 | D:7      | Reached skill level 14 in Polearms
  5976 | D:7      | Found a shimmering altar of Xom.
  6303 | D:7      | Noticed Prince Ribbit
  6316 | D:7      | Killed Prince Ribbit
  6316 | D:7      | Reached XP level 9. HP: 19/65 MP: 12/12
  7048 | D:8      | Reached skill level 5 in Fighting
  7075 | D:8      | Noticed Grum
  7115 | D:7      | Reached skill level 5 in Charms
  7416 | D:8      | Noticed Joseph
  7426 | D:8      | Noticed Maurice
  7448 | D:9      | Killed Joseph
  7448 | D:9      | Reached skill level 5 in Dodging
  7962 | D:9      | Found a stormy altar of Qazlal.
  8176 | D:9      | Acquired Yredelemnul's third power
  8181 | D:9      | Reached XP level 10. HP: 61/79 MP: 13/13
  8304 | D:8      | Killed Grum
  8339 | D:8      | Received a gift from Yredelemnul
  8577 | D:8      | Killed Maurice
  8584 | D:8      | Found Zoebiwick's Antique Weapon Shoppe.
  8603 | D:8      | Found an iron altar of Okawaru.
  8653 | D:8      | Found Maledu's General Store.
  8657 | D:8      | Noticed a hill giant
  8671 | D:8      | Killed a hill giant
  8673 | D:8      | Noticed Psyche
  8685 | D:8      | Killed Psyche
  8969 | D:8      | Found Wohu Siu's General Store.
  9200 | D:8      | Found Cosus's Antique Weapon Boutique.
  9702 | D:10     | Entered Level 10 of the Dungeon
  9738 | D:10     | Noticed a cyan ugly thing
  9764 | D:10     | Killed a cyan ugly thing
 10013 | D:10     | Found a staircase to the Lair.
 10287 | D:10     | Reached skill level 1 in Invocations
 10354 | D:10     | Found a staircase to the Orcish Mines.
 10365 | D:10     | Reached skill level 10 in Fighting
 10657 | D:10     | Got a slimy shortbow
 10658 | D:10     | Identified the +6 shortbow "Plog" {speed, rElec MP+9 Str+5} (You found it on level 10 of the Dungeon)
 10761 | D:10     | Noticed an unseen horror
 10772 | D:10     | Killed an unseen horror
 10772 | D:10     | Reached XP level 11. HP: 75/92 MP: 10/14
 11164 | D:10     | Acquired Yredelemnul's fourth power
 11261 | D:11     | Noticed a hill giant
 11290 | D:11     | Killed a hill giant
 11695 | D:11     | Reached skill level 1 in Shields
 11760 | D:11     | Noticed a hill giant
 11790 | D:11     | Killed a hill giant
 11866 | D:11     | Received a gift from Yredelemnul
 12072 | D:12     | Noticed an obsidian statue
 12148 | D:12     | Noticed a hill giant
 12162 | D:12     | Killed a hill giant
 12272 | D:12     | Received a gift from Yredelemnul
 12329 | D:12     | Noticed a hill giant
 12343 | D:12     | Killed a hill giant
 12352 | D:12     | Reached skill level 10 in Dodging
 12445 | D:12     | Received a gift from Yredelemnul
 12536 | D:12     | Found a frozen archway.
 12549 | D:12     | Received a gift from Yredelemnul
 12573 | IceCv    | Entered an ice cave
 12676 | IceCv    | Noticed an ice devil
 13058 | D:12     | Noticed an ice devil
 13060 | D:12     | Noticed a soul eater
 13060 | D:12     | Noticed a large abomination
 13607 | Lair:1   | Entered Level 1 of the Lair of Beasts
 13865 | Lair:1   | Reached XP level 12. HP: 83/100 MP: 15/15
 13963 | Lair:1   | Received a gift from Yredelemnul
 15069 | Lair:2   | Received a gift from Yredelemnul
 15954 | Lair:3   | Found a dark tunnel.
 15996 | Volcano  | Entered a volcano
 17081 | Lair:3   | Found a staircase to the Swamp.
 18050 | Lair:4   | Acquired Yredelemnul's fifth power
 18056 | Lair:4   | Received a gift from Yredelemnul
 18252 | Lair:4   | Received a gift from Yredelemnul
 18896 | Lair:5   | Reached XP level 13. HP: 111/111 MP: 13/16
 19264 | Lair:5   | Found a labyrinth entrance.
 19273 | Lab      | Entered a labyrinth
 19630 | Lab      | Noticed a minotaur
 19638 | Lab      | Killed a minotaur
 19664 | Lab      | Identified a +0 rod of clouds (9/9) (You found it in a labyrinth)
 19665 | Lab      | Identified a cursed -1 rod of destruction (9/9) (You found it in a labyrinth)
 21277 | Lair:5   | Received a gift from Yredelemnul
 21619 | Lair:6   | Received a gift from Yredelemnul
 21928 | Lair:6   | Got a faintly glowing lead ring
 21930 | Lair:6   | Identified the ring of Spontaneous Combustion {SustAt rF+ Dex+4 Slay+3} (You found it on level 6 of the Lair of Beasts)
 22089 | Lair:6   | Received a gift from Yredelemnul
 22185 | Lair:6   | Found a hole to the Spider Nest.
 22543 | Lair:7   | Reached skill level 15 in Fighting
 22578 | Lair:7   | Reached skill level 15 in Dodging
 22795 | Lair:7   | Found a staircase to the Slime Pits.
 22892 | Lair:7   | Got a jewelled ring mail
 22903 | Lair:7   | Identified the +5 ring mail "Iqento" {rN+ MR+++ rCorr Int-2} (You found it on level 7 of the Lair of Beasts)
 22968 | Lair:7   | Received a gift from Yredelemnul
 23490 | Lair:8   | Entered Level 8 of the Lair of Beasts
 23509 | Lair:8   | Reached skill level 1 in Armour
 23580 | Lair:8   | Reached skill level 16 in Dodging
 23763 | Lair:8   | Reached XP level 14. HP: 122/122 MP: 17/17
 23763 | Lair:8   | Received a gift from Yredelemnul
 24338 | Lair:8   | Noticed Nessos
 24367 | Lair:8   | Killed Nessos
 24590 | Lair:8   | Got a fine iron ring
 24614 | Lair:8   | Identified the ring "Yleamoch" {rElec Str+3} (You found it on level 8 of the Lair of Beasts)
 24807 | Lair:3   | Reached skill level 17 in Dodging
 24913 | Orc:1    | Entered Level 1 of the Orcish Mines
 24914 | Orc:1    | Found a shimmering altar of Xom.
 25056 | Orc:1    | Received a gift from Yredelemnul
 25287 | Orc:2    | Noticed Erolcha
 25307 | Orc:2    | Killed Erolcha
 25312 | Orc:2    | Noticed Sonja
 25333 | Orc:2    | Killed Sonja
 25333 | Orc:2    | Reached skill level 5 in Invocations
 25689 | Orc:2    | Noticed Nergalle
 25692 | Orc:2    | Found Herarr's Gadget Boutique.
 25700 | Orc:2    | Killed Nergalle
 26023 | Orc:3    | Received a gift from Yredelemnul
 26066 | Orc:3    | Found a roughly hewn altar of Beogh.
 26130 | Orc:3    | Received a gift from Yredelemnul
 26245 | Orc:3    | Found Moywnoim's Food Boutique.
 26426 | Orc:4    | Entered Level 4 of the Orcish Mines
 26432 | Orc:4    | Received a gift from Yredelemnul
 26437 | Orc:4    | Found a staircase to the Elven Halls.
 26437 | Orc:4    | Found a roughly hewn altar of Beogh.
 26514 | Orc:4    | Received a gift from Yredelemnul
 26556 | Orc:4    | Found a roughly hewn altar of Beogh.
 26581 | Orc:4    | Found Fegeuroe's Antique Weapon Boutique.
 26734 | Orc:4    | Found Comillab's Food Shoppe.
 26801 | Orc:4    | Found Dehurimi's Food Emporium.
 26804 | Orc:4    | Found Gudemieh's Distillery.
 26809 | Orc:4    | Received a gift from Yredelemnul
 26882 | Orc:4    | Received a gift from Yredelemnul
 27111 | Orc:4    | Found Hovuhed's Antique Weapon Shop.
 27111 | Orc:4    | Found Cerem's Book Boutique.
 27111 | Orc:4    | Found a one-way gate leading to the halls of Pandemonium.
 27150 | Orc:4    | Bought a potion of beneficial mutation for 455 gold pieces
 27150 | Orc:4    | Gained mutation: You are agile. (Dex +2) [potion of beneficial mutation]
 27177 | Orc:4    | Received a gift from Yredelemnul
 27323 | Orc:4    | Found a roughly hewn altar of Beogh.
 27559 | Swamp:1  | Entered Level 1 of the Swamp
 27593 | Swamp:1  | Received a gift from Yredelemnul
 28051 | Swamp:2  | Reached skill level 10 in Invocations
 28072 | Swamp:2  | Reached XP level 15. HP: 67/132 MP: 12/22
 28511 | Swamp:2  | Received a gift from Yredelemnul
 29028 | Swamp:3  | Received a gift from Yredelemnul
 29219 | Swamp:3  | Reached skill level 18 in Dodging
 29327 | Swamp:3  | Received a gift from Yredelemnul
 29370 | Swamp:3  | Noticed Kirke
 29385 | Swamp:3  | Killed Kirke
 29529 | Swamp:3  | Received a gift from Yredelemnul
 29581 | Swamp:4  | Entered Level 4 of the Swamp
 29660 | Swamp:4  | Noticed an azure jelly
 29667 | Swamp:4  | Killed an azure jelly
 29742 | Swamp:4  | Killed an azure jelly
 29743 | Swamp:4  | Received a gift from Yredelemnul
 30011 | Swamp:4  | Got a decaying rune of Zot
 30353 | Swamp:4  | Noticed a tentacled monstrosity
 30361 | Swamp:4  | Killed a tentacled monstrosity
 30404 | Swamp:4  | Noticed a thorn hunter
 30412 | Swamp:4  | Killed a thorn hunter
 30927 | Temple   | Entered the Ecumenical Temple
 31304 | D:8      | Bought an uncursed amulet of guardian spirit for 390 gold pieces
 31650 | Spider:1 | Entered Level 1 of the Spider Nest
 31669 | Spider:1 | Received a gift from Yredelemnul
 31747 | Spider:1 | Received a gift from Yredelemnul
 31870 | Spider:1 | Reached XP level 16. HP: 130/143 MP: 20/23
 32075 | Spider:2 | Reached skill level 10 in Charms
 32098 | Spider:2 | Received a gift from Yredelemnul
 32393 | Spider:2 | Reached skill level 19 in Dodging
 32419 | Spider:2 | Received a gift from Yredelemnul
 32521 | Spider:2 | Received a gift from Yredelemnul
 32548 | Spider:2 | Received a gift from Yredelemnul
 32634 | Spider:3 | Received a gift from Yredelemnul
 32818 | Spider:3 | Got an agate-encrusted scale mail
 32829 | Spider:3 | Identified the +5 scale mail of the Tundras {rPois Dex+2} (You found it on level 3 of the Spider Nest)
 33326 | Spider:4 | Entered Level 4 of the Spider Nest
 33361 | Spider:4 | Received a gift from Yredelemnul
 33389 | Spider:4 | Noticed herpmino's ghost (mighty DsBe)
 33402 | Spider:4 | Killed herpmino's ghost
 33692 | Spider:4 | Received a gift from Yredelemnul
 33765 | Spider:4 | Reached skill level 20 in Dodging
 33784 | Spider:4 | Received a gift from Yredelemnul
 33802 | Spider:4 | Got a gossamer rune of Zot
 33889 | Spider:4 | Got a fabulously ornate robe
 33900 | Spider:4 | Identified the cursed +1 robe of Wasted Space {Str+4} (You found it on level 4 of the Spider Nest)
 34259 | Slime:1  | Entered Level 1 of the Pits of Slime
 34259 | Slime:1  | Noticed an acid blob
 34266 | Slime:1  | Noticed an acid blob
 34266 | Slime:1  | Killed an acid blob
 34281 | Lair:7   | Received a gift from Yredelemnul
 34625 | Elf:1    | Entered Level 1 of the Elven Halls
 34696 | Elf:1    | Noticed Aizul
 34723 | Elf:1    | Killed Aizul
 34744 | Elf:1    | Reached XP level 17. HP: 112/153 MP: 18/24
 35373 | Elf:2    | Received a gift from Yredelemnul
 35815 | Elf:2    | Found a runed gate.
 35815 | Elf:2    | Found a runed gate.
 35815 | Elf:2    | Found a runed gate.
 35925 | Elf:2    | Found Qyriv's Book Shoppe.
 36008 | Elf:2    | Noticed a deep elf blademaster
 36013 | Elf:2    | Killed a deep elf blademaster
 36013 | Elf:2    | Enslaved a deep elf blademaster
 36136 | Elf:2    | Reached skill level 21 in Dodging
 36372 | Elf:3    | Entered Level 3 of the Elven Halls
 36446 | Elf:3    | Received a gift from Yredelemnul
 36663 | Elf:3    | Noticed Roxanne
 36682 | Elf:3    | Killed Roxanne
 37099 | Elf:3    | Noticed a deep elf blademaster
 37109 | Elf:3    | Killed a deep elf blademaster
 37181 | Elf:3    | Noticed a deep elf blademaster
 37228 | Elf:3    | Noticed a deep elf master archer
 37232 | Elf:3    | Killed a deep elf master archer
 37242 | Elf:3    | Noticed a deep elf blademaster
 37249 | Elf:3    | Killed a deep elf blademaster
 37257 | Elf:3    | Killed a deep elf blademaster
 37270 | Elf:3    | Noticed an Ice Fiend
 37271 | Elf:3    | Received a gift from Yredelemnul
 37277 | Elf:3    | Noticed a deep elf master archer
 37287 | Elf:3    | Killed a deep elf master archer
 37298 | Elf:3    | Noticed a deep elf master archer
 37300 | Elf:3    | Killed a deep elf master archer
 37309 | Elf:3    | Reached skill level 22 in Dodging
 37541 | Elf:3    | Got a glittering crystal amulet
 37543 | Elf:3    | Identified the amulet "Ussawn" {rMut *Confuse rF++ Str+6} (You took it off a deep elf demonologist on level 3 of the Elven Halls)
 37652 | Elf:3    | Identified the Papyrus of Weightlessness and Good Luck
 37656 | Elf:3    | Got a faintly glowing bone ring
 37807 | Elf:3    | Learned a level 2 spell: Repel Missiles
 37810 | Elf:3    | Learned a level 2 spell: Swiftness
 37817 | Elf:3    | Identified the ring of Saimos {rN+ MR++} (You found it on level 3 of the Elven Halls)
 37824 | Elf:3    | Got a blackened scimitar
 37825 | Elf:3    | Identified the +8 scimitar "Huaprair" {antimagic, rC+} (You found it on level 3 of the Elven Halls)
 37832 | Elf:3    | Learned a level 1 spell: Apportation
 37881 | Elf:3    | Got a warped granite ring
 37883 | Elf:3    | Identified the ring "Adebiz" {rC+ Str+2} (You found it on level 3 of the Elven Halls)
 37918 | Elf:3    | Received a gift from Yredelemnul
 38118 | Elf:3    | Identified Egidoleq's Almanac of Hexes
 38123 | Elf:3    | Got a scorched glass ring
 38125 | Elf:3    | Identified the ring of Newohun {rN+ MP+9 Dex+2 SInv} (You found it on level 3 of the Elven Halls)
 38179 | Elf:3    | Reached XP level 18. HP: 164/164 MP: 25/25
 38244 | Elf:3    | Got a transparent plate armour
 38255 | Elf:3    | Identified the +3 plate armour of the Dropbear {rElec Stlth+} (You found it on level 3 of the Elven Halls)
 38268 | Elf:3    | Got a scorched amber ring
 38270 | Elf:3    | Identified the ring of the Hundredfold Eyes {SInv Stlth+} (You found it on level 3 of the Elven Halls)
 38310 | Elf:3    | Got a scorched plate armour
 38330 | Elf:3    | Identified the cursed +1 plate armour "Goys" {rF++} (You found it on level 3 of the Elven Halls)
 38352 | Elf:3    | Identified a scroll of acquirement
 38843 | D:13     | Noticed Urug
 38853 | D:13     | Killed Urug
 38934 | D:12     | Killed an obsidian statue
 38936 | D:12     | Killed a large abomination
 38940 | D:12     | Killed a soul eater
 38970 | D:12     | Killed an ice devil
 39069 | D:13     | Received a gift from Yredelemnul
 39284 | D:13     | Noticed Snorg
 39291 | D:13     | Killed Snorg
 39310 | D:13     | Received a gift from Yredelemnul
 39537 | D:13     | Noticed Rupert
 39544 | D:13     | Killed Rupert
 39789 | D:14     | Found Jesac's Assorted Antiques.
 39870 | D:14     | Found Soas Hya's Food Boutique.
 39884 | D:14     | Found Guozimusch's Assorted Antiques.
 39888 | D:14     | Found a flickering gateway to a bazaar.
 39891 | D:14     | Bought a twitching steel ring for 220 gold pieces
 39897 | Bazaar   | Entered a bazaar
 39897 | Bazaar   | Found Cuduemm's Assorted Antiques.
 39897 | Bazaar   | Found Saptaps's Food Boutique.
 39897 | Bazaar   | Found Tesalash's General Store.
 39897 | Bazaar   | Found Lykhej's Assorted Antiques.
 39899 | Bazaar   | Found Isoupn's Assorted Antiques.
 39899 | Bazaar   | Found Plog's Gadget Shop.
 39901 | Bazaar   | Bought an ancient iron ring for 125 gold pieces
 39924 | Bazaar   | Identified the ring "Xoanouma" {MR+ Dex+2 Slay+3} (You bought it in a shop on level 14 of the Dungeon)
 39926 | Bazaar   | Identified the ring "Ficiteq" {rF+ Int+6} (You bought it in a shop in a bazaar)
 39952 | D:14     | Bought a scroll of brand weapon for 880 gold pieces
 39976 | D:14     | Noticed Donald
 39990 | D:14     | Received a gift from Yredelemnul
 39996 | D:14     | Killed Donald
 40003 | D:14     | Found a gate to the Vaults.
 40046 | D:14     | Found Fejoy's General Store.
 40230 | D:14     | Received a gift from Yredelemnul
 40351 | D:14     | Reached skill level 23 in Dodging
 40401 | D:15     | Entered Level 15 of the Dungeon
 40974 | D:15     | Found a staircase to the Depths.
 41249 | D:15     | Found a white marble altar of Elyvilon.
 41576 | Vaults:1 | Entered Level 1 of the Vaults
 41585 | Vaults:1 | Upgraded the game from 0.17-a0-1411-g06ff558 to 0.17-a0-1421-g95311d7
 41922 | Vaults:1 | Reached skill level 5 in Armour
 42110 | Vaults:1 | Found a flickering gateway to a bazaar.
 42124 | Bazaar   | Entered a bazaar
 42155 | Bazaar   | Found Eburphem's Armour Shoppe.
 42155 | Bazaar   | Found Uttul's Antique Armour Emporium.
 42176 | Bazaar   | Found Pestrent's Magic Scroll Shoppe.
 42517 | Vaults:1 | Reached XP level 19. HP: 172/172 MP: 26/26
 43083 | Vaults:2 | Received a gift from Yredelemnul
 43455 | Vaults:2 | Received a gift from Yredelemnul
 43970 | Vaults:3 | Noticed Norris
 43991 | Vaults:3 | Killed Norris
 44209 | Vaults:3 | Found a staircase to the Crypt.
 44213 | Vaults:3 | Reached skill level 10 in Armour
 44243 | Vaults:3 | Found Nyevul's Antique Weapon Emporium.
 44717 | Vaults:3 | Received a gift from Yredelemnul
 44823 | Vaults:3 | Noticed Boris
 44835 | Vaults:3 | Killed Boris
 44859 | Vaults:3 | Received a gift from Yredelemnul
 44883 | Vaults:3 | Found a shimmering altar of Xom.
 45192 | Vaults:3 | Reached XP level 20. HP: 172/180 MP: 27/27
 45292 | Vaults:4 | Noticed Jory
 45293 | Vaults:4 | Found Qisymua's Antique Weapon Emporium.
 45303 | Vaults:4 | Killed Jory
 45318 | Vaults:4 | Received a gift from Yredelemnul
 45372 | Vaults:4 | Found Jaefiegh's Assorted Antiques.
 45428 | Vaults:4 | Received a gift from Yredelemnul
 45560 | Vaults:4 | Found Kuamucka's Weapon Boutique.
 45595 | Vaults:4 | Got an ancient cloak
 45606 | Vaults:4 | Identified the -4 cloak of Atzosit {rPois rF+ Int+2} (You acquired it on level 4 of the Vaults)
 46069 | Vaults:4 | Received a gift from Yredelemnul
 46393 | Vaults:4 | Found Lozog's Assorted Antiques.
 46395 | Vaults:4 | Found Mutoen Awne's Armour Emporium.
 46407 | Vaults:4 | Bought the +3 buckler of the Comet {Str+2 Dex+2} for 523 gold pieces
 46608 | Vaults:4 | Bought a scroll of enchant armour for 315 gold pieces
 47195 | D:8      | Bought a scroll of enchant weapon for 97 gold pieces
 47468 | Slime:1  | Killed an acid blob
 48960 | Slime:5  | Received a gift from Yredelemnul
 49249 | Slime:5  | Received a gift from Yredelemnul
 49586 | Slime:6  | Entered Level 6 of the Pits of Slime
 49672 | Slime:6  | Found a viscous altar of Jiyva.
 49672 | Slime:6  | Noticed the royal jelly
 49840 | Slime:6  | Killed the royal jelly
 49840 | Slime:6  | Reached skill level 15 in Polearms
 49840 | Slime:6  | Reached XP level 21. HP: 161/186 MP: 28/28
 50278 | Slime:6  | Gained mutation: You are frail (-10% HP). [a shining eye]
 50348 | Slime:6  | Received a gift from Yredelemnul
 50673 | Slime:6  | Got a bloodstained spear
 50674 | Slime:6  | Identified the +1 spear of Teammieg {elec, MR- Int+4 Stlth+} (You found it on level 6 of the Pits of Slime)
 50929 | Slime:6  | Got a slimy rune of Zot
 50974 | Slime:6  | Got a faintly glowing golden ring
 50976 | Slime:6  | Identified the ring "Facicyo" {rC++ rN+ Str+3} (You found it on level 6 of the Pits of Slime)
 50980 | Slime:6  | Identified Lit Iver's Disquisition on Boosting Displacement
 50982 | Slime:6  | Got a translucent short sword
 50983 | Slime:6  | Identified the +2 short sword of Cigiub {flame, MR- MP+9 Dex+4 Stlth+} (You found it on level 6 of the Pits of Slime)
 51008 | Slime:6  | Identified a +2 rod of destruction (10/10) (You found it on level 6 of the Pits of Slime)
 51308 | Lair:1   | Lost mutation: You are agile. (Dex +2) [potion of cure mutation]
 51308 | Lair:1   | Lost mutation: You are frail (-10% HP). [potion of cure mutation]
 51647 | Crypt:1  | Entered Level 1 of the Crypt
 52026 | Crypt:1  | Noticed Mennas
 52060 | Crypt:1  | Killed Mennas
 52376 | Crypt:1  | Noticed Saint Roka
 53061 | Depths:1 | Entered Level 1 of the Depths
 53153 | Depths:1 | Noticed Jorgrun
 53169 | Depths:1 | Killed Jorgrun
 53636 | Depths:1 | Found a gateway to Hell.
 53809 | Depths:2 | Paralysed by the power of Zot for 5 turns
 54233 | Depths:2 | Noticed a golden dragon
 54280 | Depths:2 | Reached XP level 22. HP: 59/194 MP: 29/29
 54777 | Depths:1 | Found a gateway to Hell.
 55108 | Vaults:5 | Entered Level 5 of the Vaults
 55210 | Vaults:5 | Received a gift from Yredelemnul
 55220 | Vaults:5 | Noticed an ancient lich
 55283 | Vaults:5 | HP: 2/198 [tentacled monstrosity[an ancient lich] (12)]
 55284 | Vaults:5 | Killed an ancient lich
 55284 | Vaults:5 | Killed from afar by a storm dragon

Vault maps used:
D:1:      minmay_arrival_split_and_join, serial_curves, eino_curves_03,
          eino_curves_03, minmay_hedge_maze
D:2:      tso_metal_star, kennysheep_generic_room_10
D:3:      kennysheep_the_goblin_king, amethyst_overflow_temple_binary,
          first_bread, hex_tiny
D:4:      corexii_shack_village, dk_yredelemnul_ordeal
D:6:      zin_scriptorium, temple_hall, uniq_grinder
D:7:      tgw_xom, grunt_ministairs_10, uniq_prince_ribbit1
D:8:      okawaru_ov_weapons_minmay, serial_shops, kennysheep_mini_moat,
          nicolae_shop_statue_plus, shop_coins, shop, blue_anna_alchemist,
          uniq_grum, uniq_psyche, uniq_maurice, uniq_joseph
D:9:      lemuel_coloured_pillars_altar, statue_in_the_mist_lemuel
D:10:     dpeg_oklobed_lair, zombieorc1_lemuel
D:12:     portal_ice_cave_entry_ice_beasts, hangedman_devilish_allure
D:13:     serial_column_ruins, column_ruins_hut, column_ruins_circle_small,
          column_ruins_grid_3, column_ruins_corridor_plus,
          column_ruins_columns_straight, column_ruins_open_small_water,
          column_ruins_grid_1, column_ruins_grid_4, uniq_urug, uniq_snorg,
          uniq_rupert
D:14:     david_vaults_3, serial_shops, bzr_entry_dummy,
          nicolae_shop_scaring_up_business, kennysheep_mini, nicolae_shop_stone,
          shop
D:15:     hangedman_depths_entry_try_elsewhere_first, elyvilon_altar_4
Temple:   chambers_temple_12
Lair:1:   wad_woods_03
Lair:2:   beast_lair_carwin_11
Lair:3:   nicolae_swamp_entry_splash_gauntlet, nicolae_volcano_entry_vermiform,
          lemuel_fruit_tree
Lair:4:   infiniplex_staircase_pool
Lair:5:   lab_entry_generic, roderic_batcave, lemuel_fruit_fields
Lair:6:   spider_nest_entry_web_field
Lair:7:   minmay_slime_entry_pillars, serial_bayou_shore_a
Lair:8:   due_jungle_book, nicolae_lair_grove_arrangements,
          lemuel_another_geyser, uniq_nessos
Swamp:1:  evilmike_swamp_ruin_house_2, swamp_pool2
Swamp:2:  hangedman_swamp_diagram, swamp_pool1
Swamp:3:  evilmike_swamp_ruin_house_5, uniq_kirke
Swamp:4:  swamp_icy, swamp_pool4
Spider:2: spider_trap, zaba_antful_of_joy
Spider:3: nicolae_spider_hall_of_the_moth_king, nicolae_spider_cling_halls
Spider:4: grunt_spider_rune_circles
Slime:5:  nicolae_slime_welcoming_committee
Orc:1:    basic_altar, mines4_lemuel
Orc:2:    serial_shops, shop_fountains, guppyfry_library_mini, uniq_erolcha,
          uniq_nergalle, uniq_sonja
Orc:3:    basic_altar, serial_shops, shop, nicolae_orc_pool_cavern
Orc:4:    pf_orc_diabolical, basic_altar, serial_shops, shop,
          nicolae_shop_waterfront, hangedman_feature_mirror
Elf:1:    minivault_28, uniq_aizul
Elf:2:    serial_shops, shop
Elf:3:    nooodl_elf_gasket, uniq_roxanne
Vaults:1: hangedman_vaults_stagger, v_misc_29, v_pattern_2,
          ontoclasm_vaults_eye, serial_ice_b, hangedman_vaults_nails,
          ontoclasm_vaults_loading_screen, hangedman_vaults_corner,
          ontoclasm_vaults_gateway, vaults_room_large_hall, grunt_vaults_focal,
          serial_shops, bzr_entry_customers
Vaults:2: v_misc_5, ontoclasm_vaults_bender, vaults_standard_mumra_x, v_misc_26,
          vaults_room_door_hall, hangedman_vaults_stitches,
          nicolae_vaults_little_squares_3, v_rooms_1,
          nicolae_vaults_little_squares_3, vaults_room_grid,
          vaults_room_stairs_pillars, vaults_room_semicircle,
          nicolae_vaults_little_squares_2
Vaults:3: v_misc_30, v_alt_pattern_3, minmay_crypt_entry_simple_walls,
          ontoclasm_vaults_ring_large, hangedman_vaults_nails,
          nicolae_vaults_yaktaur_gun_rack, vaults_room_large_hall,
          vaults_room_pools, vaults_room_stairs_pillars, v_misc_14,
          grunt_vaults_hallway_short, vaults_room_ringed_pool,
          vaults_mumra_chevron_long, nicolae_vaults_twisting_passages,
          nicolae_vaults_little_squares_4, vaults_mumra_hex, basic_altar,
          serial_shops, shop, uniq_boris, uniq_norris
Vaults:4: hangedman_vaults_slice, v_misc_15,
          hangedman_vaults_stretched_pinwheel, grunt_vaults_twisty,
          nicolae_vaults_angled_halls, nicolae_vaults_three_branches,
          nicolae_vaults_shelves_hall, v_misc_16, v_misc_12, v_misc_25,
          hangedman_vaults_maws, grunt_vaults_hallway_short,
          ontoclasm_vaults_ligature, ontoclasm_vaults_twist, serial_shops,
          nicolae_shop_behind_doors, nicolae_shop_trees, shop,
          nicolae_shop_trees, shop, uniq_jory
Crypt:1:  hex_medium, grunt_crypt_arrival_webbed, uniq_saint_roka, uniq_mennas
Depths:1: minmay_misc_feat_square, lightli_too_deep, serial_shops, bzr_firewalk,
          kennysheep_generic_room_6, uniq_jorgrun
Depths:2: radiant_caverns_a_rkd, hell_entry
Lab:      labyrinth_hidden_loot, labyrinth_skeletal_remains
Bazaar:   bazaar_minmay_generic_island, bazaar_short_row
IceCv:    ice_cave_tombish
Volcano:  volcano_village

Action                   |  1- 3 |  4- 6 |  7- 9 | 10-12 | 13-15 | 16-18 | 19-21 | 22-24 || total
-------------------------+-------+-------+-------+-------+-------+-------+-------+-------++-------
Melee: Spear             |   215 |   187 |   499 |  1191 |       |       |       |       ||  2092
       Trident           |       |       |       |   152 |  1281 |   496 |       |       ||  1929
       Demon trident     |       |       |       |       |       |   406 |  1300 |   138 ||  1844
 Fire: Blowgun           |       |       |       |    12 |     3 |       |       |       ||    15
       Shortbow          |       |       |       |     4 |       |       |       |       ||     4
 Cast: Infusion          |     3 |     3 |     8 |    15 |    12 |     1 |     4 |     1 ||    47
       Song of Slaying   |       |     2 |     4 |     6 |     4 |       |     3 |     1 ||    20
       Shroud of Golubri |       |       |     1 |     3 |     8 |       |     7 |     4 ||    23
       Spectral Weapon   |       |       |       |     3 |     5 |       |     8 |       ||    16
       Regeneration      |       |       |       |       |     4 |     1 |     5 |       ||    10
       Repel Missiles    |       |       |       |       |       |       |     3 |       ||     3
Invok: Animate Remains   |       |       |    10 |       |       |       |       |       ||    10
       Animate Dead      |       |       |       |    35 |    42 |    19 |    23 |    10 ||   129
       Recall Undead Sla |       |       |       |     9 |    16 |    35 |    14 |     1 ||    75
       Enslave Soul      |       |       |       |       |     1 |     2 |     1 |       ||     4
       Injury Mirror     |       |       |       |       |       |       |     5 |     1 ||     6
Evoke: Wand              |       |       |       |     1 |     1 |       |     4 |       ||     6
  Use: Scroll            |     8 |     1 |     1 |     8 |    13 |    20 |    18 |     1 ||    70
       Potion            |       |       |     4 |       |     3 |     2 |     6 |    12 ||    27
 Stab: Distracted        |       |       |     1 |    11 |    21 |    31 |    37 |       ||   101
       Sleeping          |       |       |       |       |     7 |    17 |    15 |       ||    39
       Confused          |       |       |       |       |     2 |       |       |       ||     2
  Eat: Chunk             |     3 |     6 |    14 |    22 |    34 |    26 |    11 |       ||   116
       Fruit             |       |       |       |    17 |    16 |     8 |     6 |       ||    47
       Beef jerky        |       |       |       |     1 |     1 |       |     1 |       ||     3
       Royal jelly       |       |       |       |     1 |       |     1 |     1 |       ||     3
       Meat ration       |       |       |       |       |       |     1 |     1 |     1 ||     3
       Pizza             |       |       |       |       |       |       |    13 |       ||    13
